 Dungeon Crawl Stone Soup version 0.28.0-53-g5a82cb258f (webtiles) character file.

Game seed: 4748379058734884291

532 Legadrian the Protected (level 7, 0/41 HPs)
             Began as a Gargoyle Fighter on July 7, 2022.
             Slain by a troll (10 damage)
             ... on level 5 of the Dungeon.
             The game lasted 00:10:00 (4293 turns).

Legadrian the Protected (Gargoyle Fighter)          Turns: 4293, Time: 00:10:00

Health: 0/41       AC: 13    Str: 21    XL:     7   Next: 24%
Magic:  16/16      EV:  9    Int:  9    God:
Gold:   229        SH:  0    Dex:  9    Spells: 6/6 levels left

rFire   + . .      SeeInvis .   v - +1 dagger (venom)
rCold   + . .      Faith    .   c - +1 buckler
rNeg    + . .      Spirit   .   t - +0 scale mail {rF+}
rPois   ∞          Reflect  .   (no helmet)
rElec   +          Harm     .   (no cloak)
rCorr   .          Rampage  .   (no gloves)
Will    .....                   (no boots)
Stlth   ..........              (no amulet)
HPRegen 0.13/turn               f - ring of magical power
MPRegen 0.15/turn               g - ring of protection from cold

@: confused
A: sickness immunity, AC +4, negative energy resistance 1, electricity
resistance, torment resistance 1, petrification resistance
a: no special abilities


You were on level 5 of the Dungeon.
You visited 1 branch of the dungeon, and saw 5 of its levels.

You collected 229 gold pieces.

Inventory:

Hand Weapons
 a - a +0 flail
 q - a +0 hunting sling
 r - a +1 vampiric short sword
 v - a +1 dagger of venom (weapon)
Missiles
 e - 160 stones (quivered)
 i - 9 poisoned darts
 n - 13 arrows
 y - 30 sling bullets
 A - 26 bolts
Armour
 b - a +0 scale mail
 c - a +1 buckler (worn)
 d - a +2 robe of the Archmagi
 t - a +0 scale mail of fire resistance (worn)
Magical Staves
 p - a staff of poison
Jewellery
 f - a ring of magical power (left hand)
 g - a ring of protection from cold (right hand)
Scrolls
 j - a scroll of torment {unknown}
 l - a scroll of teleportation
 m - a scroll of immolation
 o - a scroll of blinking
 x - 2 scrolls of identify {unknown}
Potions
 h - a potion of cancellation
 s - a potion of flight {unknown}
 u - a potion of haste {unknown}
 w - a potion of brilliance {unknown}
 z - a potion of magic {unknown}


   Skills:
 - Level 3.2 Fighting
 - Level 2.0 Maces & Flails
 + Level 8.9 Armour
 - Level 3.2 Shields


You had 6 spell levels left.
You didn't know any spells.
Your spell library contained the following spells:

 Spells                   Type           Power      Damage    Failure   Level
 Shock                    Conj/Air       0%         1d3       77%         1
 Swiftness                Air            0%         N/A       98%         3
 Airstrike                Air            0%         N/A       100%        4


Dungeon Overview and Level Annotations

Branches:
Dungeon (5/15)
 Temple: D:4-7

Altars:
Elyvilon
Okawaru

Annotations:
D:5 Dowan, Duvessa, Edmund


Innate Abilities, Weirdness & Mutations

You are immune to sickness and miasma.
Your stone body is resilient. (AC +4)
You are immune to poison.
You resist negative energy. (rN+)
You are resistant to electric shocks. (rElec)
You are resistant to unholy torment.
You are immune to petrification.


Message History

The water moccasin zombie bites you but does no damage.
You hit the water moccasin zombie.
The water moccasin zombie is lightly damaged.
The wyvern zombie bites you! The water moccasin zombie bites you.
The wyvern zombie bites you. The water moccasin zombie bites you.
You closely miss the water moccasin zombie.
The water moccasin zombie is lightly damaged.
The wyvern zombie closely misses you. The water moccasin zombie bites you.
As you read the scroll of teleportation, it crumbles to dust.
You feel strangely unstable.
The wyvern zombie bites you but does no damage.
The water moccasin zombie bites you.
* * * LOW HITPOINT WARNING * * *
You closely miss the water moccasin zombie.
The water moccasin zombie is lightly damaged.
The wyvern zombie bites you but does no damage.
An orc comes into view. It is wielding a +0 flail.
You block the water moccasin zombie's attack.
The wyvern zombie bites you!
* * * LOW HITPOINT WARNING * * *
You feel better.
You block the water moccasin zombie's attack.
The wyvern zombie barely misses you. The water moccasin zombie bites you.
* * * LOW HITPOINT WARNING * * *
You feel better.
Your surroundings suddenly seem different.
A troll, an orc warrior, 2 orc wizards and 2 orcs come into view.
An orc wizard is wielding a +0 dagger of venom.
The orc wizard shouts! x2; You hear a shout! x4; You hear an angry hiss.
The orc wizard closely misses you.
An orc comes into view. It is wielding a +0 flail.
An orc comes into view. It is wielding a +0 club.
The orc warrior hits you but does no damage.
The orc wizard gestures at you while chanting.
The puff of flame hits you but does no damage.
It was a potion of cancellation.
You feel magically purged.
The orc wizard points at you and mumbles some strange words.
You are confused.
The troll bites you but does no damage. The troll claws you!
You die...

#.......#.# .. ##.##
#.# #. #####...# #<#
#.
#..ZZ.#......#.###
#####.##
#Z###...###Z..#..#
.....bF. #o ##.##
#.##.#o# #.#. #. .#
# #.#.# #######.#Z
.. .# #.#o#
........s .. .#
#.#@## ....#..b#. ..
.# #.oTo###..#
#.#.#... ..
#..#.oo...# #...#.@.
#....###..###...#.e.
#.#.## #........#...
#.#.####.##.........
#.#.##....####..####
#.#.†...............
#.........#####.####


You could see a troll, an orc warrior, 2 orc wizards and 3 orcs.

Vanquished Creatures
  Sigmund (D:2)
  A scorpion (D:5)
  A water moccasin skeleton (D:3)
  2 hounds
  A bullfrog skeleton (D:4)
  A killer bee zombie (D:5)
  A hound skeleton (D:5)
  Robin (D:4)
  4 adders
  An adder skeleton (D:4)
  A worm (D:3)
  4 dart slugs
  An orc (D:3)
  8 endoplasms
  6 giant cockroaches
  11 goblins
  6 hobgoblins
  2 jackals (D:3)
  4 kobolds
  7 quokkas
  11 ball pythons
  7 bats
  5 frilled lizards (D:1)
  5 rats
92 creatures vanquished.

Notes
Turn   | Place    | Note
-------+----------+-------------------------------------------
     0 | D:1      | Legadrian the Gargoyle Fighter began the quest for the Orb.
     0 | D:1      | Reached XP level 1. HP: 14/14 MP: 1/1
   258 | D:1      | Reached XP level 2. HP: 19/19 MP: 2/2
   276 | D:1      | Reached skill level 4 in Armour
   735 | D:1      | Reached XP level 3. HP: 23/23 MP: 3/3
  1251 | D:2      | Reached skill level 5 in Armour
  1251 | D:2      | Reached XP level 4. HP: 8/28 MP: 4/4
  1482 | D:2      | Found a white marble altar of Elyvilon.
  1536 | D:2      | Noticed Sigmund
  1739 | D:3      | Reached skill level 6 in Armour
  1739 | D:3      | Reached XP level 5. HP: 24/32 MP: 5/5
  1831 | D:3      | Found an iron altar of Okawaru.
  1940 | D:3      | Found a faded altar of an unknown god.
  3332 | D:2      | Killed Sigmund
  3333 | D:2      | Reached skill level 7 in Armour
  3333 | D:2      | Reached XP level 6. HP: 34/37 MP: 6/6
  3484 | D:4      | Reached skill level 8 in Armour
  3864 | D:4      | Noticed Robin
  3909 | D:4      | Killed Robin
  4022 | D:5      | Entered Level 5 of the Dungeon
  4049 | D:5      | Reached XP level 7. HP: 30/41 MP: 7/7
  4265 | D:5      | Noticed Duvessa
  4269 | D:5      | Noticed Edmund
  4270 | D:5      | Noticed Dowan
  4290 | D:5      | HP: 2/41 [wyvern zombie (9)]
  4292 | D:5      | Noticed a troll
  4293 | D:5      | Slain by a troll

Illustrated notes

Levels and vault maps discovered:
D:1:      saegor_arrival_simple_d, layout_rooms
D:2:      layout_rooms, basic_altar, uniq_sigmund
D:3:      minmay_inner_zag, layout_loops_corners, kennysheep_okawaru_gauntlet,
          portal_sewer_entry_f, serial_glass, glass_columns_c, glass_columns_a,
          nicolae_ecumenical_lake_church, chequers_arboretum
D:4:      layout_loops_ring, minmay_temple_entry_antechambers, uniq_ijyb,
          uniq_pikel, uniq_robin
D:5:      layout_loops_ring, roderic_batcave, uniq_duvessa, uniq_edmund,
          uniq_menkaure

Skill      XL: |  1  2  3  4  5  6 |
---------------+-------------------+-----
Armour         | 4 5 6 7 8 |  8.9
Fighting       | |  3.2
Maces & Flails | |  2.0
Shields        | |  3.2

Action                   |  1- 3 |  4- 6 |  7- 9 || total
-------------------------+-------+-------+-------++-------
Melee: Flail             |    88 |   125 |       ||   213
       Dagger            |       |    98 |    45 ||   143
  Use: Scroll            |       |     5 |     2 ||     7
       Potion            |       |     1 |     4 ||     5
Armor: Scale mail        |    54 |   121 |    47 ||   222
Dodge: Dodged            |    37 |   104 |    28 ||   169
Block: Buckler           |    12 |    50 |    20 ||    82
